 Dungeon Crawl Stone Soup version 0.28.0 (webtiles) character file.

Game seed: 14326429859761843936

2209 Hasart the Slasher (level 8, -15/67 HPs)
             Began as a Demigod Fighter on Feb 11, 2022.
             Killed from afar by a gargoyle (21 damage)
             ... with a stone arrow
             ... on level 7 of the Dungeon.
             The game lasted 00:11:48 (9064 turns).

Hasart the Slasher (Demigod Fighter)                Turns: 9064, Time: 00:11:48

Health: -15/67     AC: 13    Str: 17    XL:     8   Next: 89%
Magic:  10/10      EV:  5    Int: 10    God:
Gold:   377        SH: 11    Dex: 21    Spells: 7/7 levels left

rFire   . . .      SeeInvis .   d - +0 scimitar
rCold   . . .      Faith    .   w - +0 kite shield
rNeg    . . .      Spirit   .   o - +0 plate armour
rPois   .          Reflect  .   h - +0 helmet
rElec   .          Harm     .   a - scarf {+Inv}
rCorr   .          Rampage  .   (no gloves)
Will    .....                   (no boots)
Stlth   ..........              (no amulet)
HPRegen 0.21/turn               (no ring)
MPRegen 0.12/turn               (no ring)

@: no status effects
A: high MP 1, forlorn, divine attributes
a: Evoke Invisibility


You were on level 7 of the Dungeon.
You visited 1 branch of the dungeon, and saw 8 of its levels.

You collected 377 gold pieces.

Inventory:

Hand Weapons
 d - a +0 scimitar (weapon)
 r - a +2 flail of draining
Missiles
 k - 9 boomerangs (quivered)
 m - 2 throwing nets
Armour
 a - a scarf of invisibility (worn)
 b - a +1 cloak of willpower
 h - a +0 helmet (worn)
 o - a +0 plate armour (worn)
 w - a +0 kite shield (worn)
Jewellery
 v - a ring of wizardry
Wands
 p - a wand of polymorph (5)
 t - a wand of iceblast (7)
 u - a wand of mindburst (14)
Scrolls
 f - 3 scrolls of teleportation
 l - 5 scrolls of identify
 n - a scroll of immolation {unknown}
Potions
 c - 2 potions of lignification
 e - 5 potions of curing
 g - 3 potions of degeneration
 i - a potion of haste
 j - a potion of cancellation
 s - 2 potions of heal wounds
 z - 2 potions of mutation


   Skills:
 + Level 4.9 Fighting
 * Level 6.0 Long Blades
 + Level 3.4 Throwing
 + Level 4.8 Armour
 + Level 3.6 Dodging
 + Level 4.9 Shields
 + Level 2.8 Evocations


You had 7 spell levels left.
You didn't know any spells.
Your spell library contained the following spells:

 Spells                   Type           Power      Damage    Failure   Level
 Animate Skeleton         Necr           0%         N/A       100%        1
 Apportation              Tloc           0%         N/A       100%        1
 Foxfire                  Conj/Fire      0%         2x1d4     100%        1
 Slow                     Hex            0%         N/A       100%        1
 Summon Small Mammal      Summ           0%         N/A       100%        1
 Confusing Touch          Hex            0%         N/A       100%        3
 Conjure Flame            Conj/Fire      0%         6-21      100%        3
 Inner Flame              Hex/Fire       0%         N/A       100%        3
 Vampiric Draining        Necr           0%         2d6       100%        3
 Flame Wave               Conj/Fire      0%         2d4       100%        4
 Fireball                 Conj/Fire      0%         3d3       100%        5
 Starburst                Conj/Fire      0%         6d3       100%        6
 Ignition                 Fire           0%         3d3       100%        8


Dungeon Overview and Level Annotations

Branches:
Dungeon (8/15)             Temple (0/1) D:7
   Lair: D:8-11

Annotations:
D:5 Blork the orc, Eustachio
D:8 Joseph


Innate Abilities, Weirdness & Mutations

You have an increased reservoir of magic. (+10% MP)
You shall have no god before yourself.
Your divine heritage dramatically boosts your attributes as you level up.


Message History

Level annotation: Joseph Joseph shoots a sling bullet.
The sling bullet barely misses you.
The centaur unwields a +0 shortbow.
The centaur hits you but does no damage.
The centaur kicks you but does no damage.
There is a stone staircase leading up, spattered with blood here.
Unknown command.
Joseph shoots a sling bullet.
The sling bullet hits you! You block the centaur's attack.
The centaur kicks you.
The gargoyle hits you with a +0 morningstar!!
You climb upwards.
There is a stone staircase leading down here.
You slash the centaur!
The centaur is moderately wounded.
The centaur barely misses you.
The centaur kicks you but does no damage.
The gargoyle hits you with a +0 morningstar!
You block the centaur's attack.
The centaur kicks you but does no damage.
You barely miss the gargoyle. You block the centaur's attack. x2
The gargoyle hurls a stone arrow at you.
You block the stone arrow.
The centaur hits you but does no damage.
You block the centaur's attack.
Unknown command.
You hit the gargoyle but do no damage.
The gargoyle hurls a stone arrow at you.
You block the stone arrow. You block the centaur's attack.
The centaur kicks you but does no damage.
The gargoyle hits you with a +0 morningstar!
* * * LOW HITPOINT WARNING * * *
The centaur hits you but does no damage.
The centaur kicks you.
* * * LOW HITPOINT WARNING * * *
You hit the gargoyle but do no damage.
The centaur hits you but does no damage.
You block the centaur's attack.
The gargoyle hurls a stone arrow at you.
The stone arrow hits you!!
You die...

........[#..........#...##.....##
.........'..........#...######...
.........#..........#........#...
.........#..........#........#...
.........#..........#........#...
##########..........#........'...
....................#........#...
.................9..#........#...
................@...'........#...
.............>...c..#........#...
....................#........####
....................#.........#..
....................#.........#..
###############.....#...##....#..
.# #.....#...##....#.. .#
#.....#........#### .#
#.....#........##..


You could see a gargoyle and a centaur.

Vanquished Creatures
  Edmund (D:6)
  2 water moccasins
  2 sky beasts
  An ice beast (D:6)
  3 necrophages
  An orc warrior (D:6)
  An ogre (D:6)
  A bullfrog (D:7)
  A water moccasin zombie (D:6)
  3 scorpions
  5 wights
  A howler monkey (D:6)
  A centaur zombie (D:7)
  A jelly (D:6)
  A hound (D:4)
  2 orc priests
  2 centaur skeletons
  An iguana (D:6)
  2 orc wizards
  A howler monkey zombie (D:5)
  Robin (D:3)
  6 gnolls
  A howler monkey skeleton (D:6)
  9 adders
  A shadow imp (D:5)
  2 white imps (D:7)
  3 ufetubi
  5 worms
  A dart slug (D:1)
  10 orcs
  7 ball pythons
  7 endoplasms
  2 giant cockroaches (D:3)
  12 goblins
  15 hobgoblins
  8 jackals (D:2)
  4 quokkas
  5 bats
  2 frilled lizards
  8 kobolds
  8 rats
150 creatures vanquished.

Notes
Turn   | Place    | Note
-------+----------+-------------------------------------------
     0 | D:1      | Hasart the Demigod Fighter began the quest for the Orb.
     0 | D:1      | Reached XP level 1. HP: 18/18 MP: 3/3
    45 | D:1      | Reached skill level 2 in Long Blades
   213 | D:1      | Reached XP level 2. HP: 25/25 MP: 4/4
   942 | D:2      | Reached XP level 3. HP: 28/31 MP: 5/5
   982 | D:2      | Reached skill level 1 in Dodging
  1289 | D:2      | Reached XP level 4. HP: 27/38 MP: 6/6
  2362 | D:2      | Reached skill level 3 in Long Blades
  2807 | D:3      | Reached XP level 5. HP: 45/45 MP: 7/7
  2823 | D:3      | Noticed Robin
  2854 | D:3      | Killed Robin
  3469 | D:3      | Reached skill level 1 in Throwing
  4408 | D:4      | Reached XP level 6. HP: 47/51 MP: 8/8
  4845 | D:5      | Entered Level 5 of the Dungeon
  4886 | D:5      | Reached skill level 4 in Long Blades
  5040 | D:5      | Noticed Eustachio
  5040 | D:5      | Noticed Blork the orc
  5107 | D:6      | Reached XP level 7. HP: 4/58 MP: 9/9
  5433 | D:6      | Reached skill level 1 in Evocations
  5641 | D:6      | Noticed Edmund
  5674 | D:6      | Killed Edmund
  6148 | D:6      | Reached skill level 5 in Long Blades
  6148 | D:6      | Reached XP level 8. HP: 64/67 MP: 10/10
  6750 | D:6      | Identified a scroll of acquirement
  6750 | D:6      | Acquired a +1 cloak of willpower
  6872 | D:7      | Found a staircase to the Ecumenical Temple.
  8287 | D:7      | Reached skill level 6 in Long Blades
  8503 | D:8      | Noticed a gargoyle
  8504 | D:8      | Noticed Joseph
  9064 | D:7      | Killed from afar by a gargoyle

Illustrated notes

Levels and vault maps discovered:
D:1:      elethiomel_arrival_shortcut, layout_rooms,
          hellmonk_ecumenical_altar_crossroads, st_stairs_1, nicolae_wormholes
D:2:      layout_rooms, basic_altar, st_stairs_9, minmay_fractal_squares_5
D:3:      layout_rooms, elyvilon_altar_5, minmay_misc_feat_doors, uniq_robin
D:4:      layout_loops_ring, minmay_crystal_room
D:5:      layout_rooms, sword_in_stone, uniq_eustachio
D:6:      layout_rooms, kennysheep_generic_room_13, uniq_edmund
D:7:      layout_gridville, minmay_temple_entry_glassed_door, fountainhead
D:8:      layout_rooms, nicolae_two_hexagons, uniq_joseph

Skill      XL: |  1  2  3  4  5  6  7  8 |
---------------+-------------------------+-----
Long Blades    | 2 3 4 5 6 |  6.0
Fighting       | 3 4 |  4.9
Shields        | 3 4 |  4.9
Armour         | 3 4 |  4.8
Dodging        | 1 2 3 |  3.6
Throwing       | 1 2 3 |  3.4
Evocations     | 1 2 |  2.8

Action                   |  1- 3 |  4- 6 |  7- 9 || total
-------------------------+-------+-------+-------++-------
Melee: Long sword        |   142 |   318 |   182 ||   642
       Scimitar          |       |       |    38 ||    38
Throw: Boomerang         |       |       |    12 ||    12
Evoke: Wand              |       |     4 |     6 ||    10
  Use: Potion            |     1 |       |     2 ||     3
       Scroll            |       |       |    12 ||    12
 Stab: Distracted        |       |     1 |       ||     1
Armor: Scale mail        |    93 |   152 |       ||   245
       Plate armour      |       |    48 |   140 ||   188
       Skin              |       |       |     3 ||     3
Dodge: Dodged            |    89 |   166 |    36 ||   291
Block: Buckler           |    44 |   120 |       ||   164
       Kite shield       |       |       |   134 ||   134
